 Dungeon Crawl Stone Soup version 0.26-a0-244-g083ca260ac (webtiles) character file.

Game seed: 14339829629655751193

57 ANON1729 the Shooter (level 3, -1/29 HPs)
             Began as a Centaur Arcane Marksman on July 8, 2020.
             Slain by a goblin
             ... wielding a +0 club
             ... led by Robin
              (5 damage)
             ... on level 2 of the Dungeon.
             The game lasted 00:02:37 (972 turns).

ANON1729 the Shooter (Centaur Arcane Marksman)       Turns: 972, Time: 00:02:38

Health: -1/29      AC:  4    Str: 13    XL:     3   Next: 73%
Magic:  4/5        EV: 10    Int: 12    God:
Gold:   52         SH:  0    Dex:  9    Spells: 3/4 levels left

rFire    . . .     SeeInvis .   e - +4 dagger (drain)
rCold    . . .     Faith    .   (no shield)
rNeg     . . .     Spirit   .   g - +0 robe (curse)
rPois    .         Reflect  .   (no helmet)
rElec    .         Harm     .   (no cloak)
rCorr    .                      (no gloves)
MR       .....                  (no barding)
Stlth    +.........             (no amulet)
HPRegen  0.09/turn              (no ring)
MPRegen  0.09/turn              (no ring)

@: very quick
A: large, hooves 3, deformed body, speed 2, tough skin 3
a: no special abilities


You were on level 2 of the Dungeon.
You were not hungry.

You visited 1 branch of the dungeon, and saw 2 of its levels.

You collected 52 gold pieces.

Inventory:

Hand Weapons
 a - a +0 shortbow
 b - a cursed -3 hand axe
 e - a +4 dagger of draining (weapon)
Missiles
 d - 58 arrows
Armour
 g - a cursed +0 robe (worn)
Wands
 k - a wand of random effects (18)
Scrolls
 c - 2 scrolls of identify {unknown}
 j - a scroll of remove curse {unknown}
Potions
 h - 2 potions of resistance {unknown}
 i - 2 potions of flight {unknown}
Comestibles
 f - 2 rations


   Skills:
 + Level 1.8 Fighting
 + Level 3.4 Bows
 + Level 1.8 Dodging
 + Level 1.4 Spellcasting
 + Level 3.1 Hexes


You had 3 spell levels left.
You knew the following spells:

 Your Spells              Type           Power        Failure   Level
a - Corona                Hex            #......      9%          1

Your spell library contained the following spells:

 Spells                   Type           Power        Failure   Level
 Slow                     Hex            #.......     12%         2
 Inner Flame              Hex/Fire       #.......     41%         3
 Portal Projectile        Hex/Tloc       #.....       41%         3
 Cause Fear               Hex            #.........   63%         4
 Leda's Liquefaction      Hex/Erth       #.........   83%         4


Dungeon Overview and Level Annotations

Branches:
Dungeon (2/15)

Altars:

Annotations:
D:2 Robin


Innate Abilities, Weirdness & Mutations

You have hooves in place of feet.
Armour fits poorly on your strangely shaped body.
You cover ground very quickly.
You have extremely tough skin. (AC +3)


Message History

You are too injured to fight recklessly!
You are too injured to fight recklessly!
You are too injured to fight recklessly!
Unknown command.
You hit the goblin. You drain the goblin.
You kill the goblin!
The goblin barely misses you. The goblin closely misses you.
The hobgoblin hits you.
You closely miss the goblin. The goblin hits you but does no damage.
The hobgoblin closely misses you. The goblin hits you but does no damage.
You hit the goblin.
You kill the goblin!
The goblin hits you.
* * * LOW HITPOINT WARNING * * *
The hobgoblin hits you.
* * * LOW HITPOINT WARNING * * *
The goblin barely misses you. Robin throws the goblin at you!
The goblin unwields a +0 hunting sling.
The goblin wields a +0 club.
The goblin hits you with a +0 club.
You die... #....>....# +^........+ ......... ...g... .ggg.

g.. #g######
#g)....#
#@g###.#
##g.###.##
##.).......
#.....##.##
##....#
##...##.##
#######........
.......<<#.####
#######....#


You could see Robin, 4 hobgoblins and 4 goblins.

Vanquished Creatures
  Jessica (D:2)
  An ooze (D:1)
  A dart slug (D:1)
  A leopard gecko (D:1)
  A ball python (D:1)
  2 bats
  7 goblins
  2 hobgoblins
  2 frilled lizards (D:1)
  4 kobolds (D:1)
  2 rats (D:1)
24 creatures vanquished.

Notes
Turn   | Place    | Note
-------+----------+-------------------------------------------
     0 | D:1      | ANON1729 the Centaur Arcane Marksman began the quest for
                  | the Orb.
     0 | D:1      | Reached XP level 1. HP: 16/16 MP: 2/2
   301 | D:1      | Reached XP level 2. HP: 12/23 MP: 3/3
   947 | D:2      | Noticed Jessica
   955 | D:2      | Killed Jessica
   955 | D:2      | Reached XP level 3. HP: 19/29 MP: 3/5
   961 | D:2      | Noticed Robin
   972 | D:2      | Slain by a goblin

Illustrated notes

Levels and vault maps discovered:
D:1:      heliophobic_arrival_ceremonial_halls, layout_basic
D:2:      layout_loops_corners, tso_altar, first_ration, lemuel_statue_altar,
          uniq_robin, uniq_jessica

Skill      XL: |  1  2 |
---------------+-------+-----
Bows           | 3 |  3.4
Hexes          | 3 |  3.1
Fighting       | |  1.8
Dodging        | |  1.8
Spellcasting   | |  1.4

Action                   || total
-------------------------++-------
Melee: Dagger            ||    31
       Kick              ||     8
 Fire: Shortbow          ||    26
Armor: Robe              ||    13
Dodge: Dodged            ||    22

Table legend:
 A = Non-vault XP
 B = Vault XP
 C = Vault XP percentage of total XP
 D = Non-vault monster count
 E = Vault monster count
 F = Vault count percentage of total count
                 A         B        C        D         E       F
            +---------+---------+-------+---------+---------+-------
      Total |      37 |      45 |  54.9 |      19 |       5 |  20.8
            +---------+---------+-------+---------+---------+-------
        D:1 |      36 |       0 |   0.0 |      18 |       0 |   0.0
        D:2 |       1 |      45 |  97.8 |       1 |       5 |  83.3
            +---------+---------+-------+---------+---------+-------
